 Dungeon Crawl Stone Soup version 0.29.1-12-g30fa7ad0bf (webtiles) character file.

Game seed: 1042131574091803781

43 GeoRichter the Slasher (level 3, -2/24 HPs)
             Began as a Demonspawn Wanderer on Dec 23, 2022.
             Slain by Crazy Yiuf
             ... wielding a +2 quarterstaff of chaos
              (10 damage)
             ... on level 2 of the Dungeon.
             The game lasted 00:02:37 (1930 turns).

GeoRichter the Slasher (Demonspawn Wanderer)        Turns: 1930, Time: 00:02:38

Health: -2/24      AC:  3    Str: 10    XL:     3   Next: 37%
Magic:  0/4        EV: 13    Int: 11    God:
Gold:   121        SH:  0    Dex: 18    Spells: 4/4 levels left

rFire   . . .      SeeInvis .   f - +2 dagger (venom)
rCold   . . .      Faith    .   (no shield)
rNeg    + . .      Spirit   .   d - +0 robe
rPois   .          Reflect  .   (no helmet)
rElec   .          Harm     .   (no cloak)
rCorr   .          Rampage  .   b - +0 pair of gloves
Will    .....                   (no boots)
Stlth   ++........              (no amulet)
HPRegen 0.08/turn               o - ring of positive energy
MPRegen 0.09/turn               (no ring)

@: slowed, very slow
A: repulsion field 1, powered by death 1
a: no special abilities


You were on level 2 of the Dungeon.
You visited 1 branch of the dungeon, and saw 2 of its levels.

You collected 121 gold pieces.

Inventory:

Hand Weapons
 a - a +2 falchion
 f - a +2 dagger of venom (weapon)
   (You took it off a goblin on level 1 of the Dungeon)
 m - a +0 long sword
   (You found it on level 2 of the Dungeon)
Armour
 b - a +0 pair of gloves (worn)
 d - a +0 robe (worn)
Jewellery
 o - a ring of positive energy (left hand)
   (You found it on level 2 of the Dungeon)
Scrolls
 h - a scroll of vulnerability {unknown}
 i - 4 scrolls of identify {unknown}
 j - 2 scrolls of teleportation {unknown}
 k - a scroll of fear {unknown}
 l - a scroll of amnesia {unknown}
 q - a scroll of enchant armour {unknown}
Potions
 c - a potion of brilliance
 e - a potion of resistance {unknown}
 g - a potion of curing {unknown}
 n - a potion of flight {unknown}
 p - a potion of attraction {unknown}


   Skills:
 * Level 4.6 Long Blades
 - Level 1.7 Armour
 + Level 1.3 Stealth
 - Level 1.0 Spellcasting
 - Level 1.7 Air Magic


You had 4 spell levels left.
You didn't know any spells.
Your spell library contained the following spells:

 Spells                   Type           Power      Damage    Failure   Level
 Poisonous Vapours        Pois/Air       4%         N/A       34%         2
 Static Discharge         Conj/Air       2%         3-4/arc   34%         2


Dungeon Overview and Level Annotations

Branches:
Dungeon (2/15) Zot: 10051

Altars:

Annotations:
D:2 Crazy Yiuf


Innate Abilities, Weirdness & Mutations

You are surrounded by a mild repulsion field. (EV +2)
You regenerate a little health from kills.


Message History

i - 4 scrolls labelled HORGHA BATOD CUPS (gained 1)
Found a fuming orange potion.
Found a dagger.
n - a fuming orange potion You see here a +0 dagger.
Found a silver ring.
A dart slug comes into view.
Found a stone staircase leading down.
A dart slug is nearby!
You see here a ring of positive energy.
Found a yellow potion.
Found a hammer and a scroll labelled KEFOBAU DADAARIEQ.
The dart slug launches a dart at you. The slug dart hits you.
You hit the dart slug.
The dart slug is poisoned.
The dart slug launches a dart at you. The slug dart misses you.
You hit the dart slug.
You kill the dart slug!
No target in view!
o - a ring of positive energy
o - a ring of positive energy (left hand)
p - a yellow potion
q - a scroll labelled KEFOBAU DADAARIEQ
There is a stone staircase leading down here.
You see here a +0 hammer.
Found four hammers.
Found a hammer.
You see here a +0 hammer.
Found a hammer.
No reachable target in view!
No reachable target in view!
You open the door.
Crazy Yiuf shouts!
There is an open translucent door here.
Crazy Yiuf hits you with a +2 quarterstaff of chaos!
Ouch! That really hurt!
* * * LOW HITPOINT WARNING * * *
You feel your power leaking away.
You see here a +0 hammer.
You hit Crazy Yiuf but do no damage.
Crazy Yiuf is poisoned.
You hit Crazy Yiuf but do no damage.
Crazy Yiuf hits you with a +2 quarterstaff of chaos.
* * * LOW HITPOINT WARNING * * *
You feel yourself slow down.
Okay, then.
You closely miss Crazy Yiuf. Crazy Yiuf completely misses you.
Crazy Yiuf says, "Cholesterol sanguine rumpyflump!"
Crazy Yiuf hits you with a +2 quarterstaff of chaos!
You die...

###♣♣♣♣♣ ######....♣.♣♣♣#####
..........)♣).♣#.).#
..........♣♣♣♣.'@g.# ##### .
..†......♣♣ ♣♣#).)# #...# .
......##♣♣ ##### #...# ####.
......# #...# #.... ......# #...#
#....
......################...####....
.................................
..............).................>
............#######......######..


You could see Crazy Yiuf (very poisoned).

Vanquished Creatures
  An adder (D:2)
  A dart slug (D:2)
  An endoplasm (D:2)
  3 goblins (D:1)
  2 hobgoblins (D:1)
  3 jackals (D:1)
  7 kobolds
  2 quokkas (D:1)
  3 ball pythons
  A bat (D:1)
  2 frilled lizards (D:1)
  6 rats
32 creatures vanquished.

Notes
Turn   | Place    | Note
-------+----------+-------------------------------------------
     0 | D:1      | GeoRichter the Demonspawn Wanderer began the quest for the
                  | Orb.
     0 | D:1      | GeoRichter set off with the following items: a +2 falchion,
                  | a +0 pair of gloves, a potion of brilliance, a +0 robe; and
                  | the following spells available to memorise: Poisonous
                  | Vapours, Static Discharge.
     0 | D:1      | Reached XP level 1. HP: 13/13 MP: 2/2
   213 | D:1      | Reached skill level 4 in Long Blades
   219 | D:1      | Gained mutation: You are surrounded by a mild repulsion
                  | field. (EV +2) [demonic ancestry]
   219 | D:1      | Reached XP level 2. HP: 17/19 MP: 3/3
  1482 | D:2      | Gained mutation: You regenerate a little health from kills.
                  | [demonic ancestry]
  1482 | D:2      | Reached XP level 3. HP: 21/24 MP: 4/4
  1921 | D:2      | Found a runed translucent door.
  1922 | D:2      | Noticed Crazy Yiuf
  1930 | D:2      | Slain by Crazy Yiuf

Illustrated notes

Levels and vault maps discovered:
D:1:      spicycebolla_arrival_clurvy, layout_basic, roderic_roman_lattice,
          serial_park_tiny_1, serial_bayou_lake_a
D:2:      layout_basic, hellmonk_ecumenical_altar_leap_of_faith,
          uniq_crazy_yiuf_cottage, uniq_robin

Skill      XL: |  1 |
---------------+----+-----
Long Blades    | 4 |  4.6
Armour         | |  1.7
Stealth        | |  1.3
Spellcasting   | |  1.0
Air Magic      | |  1.7

Action                   || total
-------------------------++-------
Melee: Falchion          ||    32
       Dagger            ||    49
       Punch             ||     1
 Stab: Sleeping          ||     2
Armor: Robe              ||    15
Dodge: Dodged            ||    40
